 Dungeon Crawl Stone Soup version 0.30.1-11-g7821555f0a (webtiles) character file.

Game seed: 140403288951671957

8 Chiseanne the Magician (level 2, 21/21 HPs)
             Began as a Demonspawn Wanderer on Nov 17, 2023.
             Quit the game on level 1 of the Dungeon.
             The game lasted 00:00:24 (281 turns).

Chiseanne the Magician (Demonspawn Wanderer)         Turns: 281, Time: 00:00:24

Health: 21/21      AC:  2    Str: 12    XL:     2   Next: 0%
Magic:  6/6        EV: 11    Int: 15    God:
Gold:   40         SH:  0    Dex: 10    Spells: 6/7 levels left

rFire   . . .        a - +2 dagger
rCold   . . .        (no shield)
rNeg    . . .        f - +0 robe
rPois   .            (no helmet)
rElec   .            (no cloak)
rCorr   .            (no gloves)
SInv    .            (no boots)
Will    .....        (no amulet)
Stlth   ++           (no ring)
HPRegen 0.23/turn    (no ring)
MPRegen 0.10/turn

%: no passive effects
@: no status effects
A: hooves 1
a: no special abilities


You were on level 1 of the Dungeon.
You visited 1 branch of the dungeon, and saw 1 of its levels.

You collected 40 gold pieces.

Inventory:

Hand Weapons
 a - a +2 dagger (weapon)
 d - a +0 dagger
Missiles
 c - 13 poisoned darts (quivered)
 k - 3 stones
Armour
 f - a +0 robe (worn)
Scrolls
 b - a scroll of blinking
 h - 3 scrolls of identify {unknown}
 i - a scroll of silence {unknown}
Potions
 e - a potion of berserk rage
 g - 2 potions of invisibility {unknown}
 j - a potion of attraction {unknown}


   Skills:
 * Level 1.4 Fighting
 - Level 1.7 Throwing
 * Level 1.3 Armour
 * Level 0.6 Dodging
 - Level 2.6 Stealth
 - Level 3.0 Spellcasting


You had 6 spell levels left.
You knew the following spells:

 Your Spells              Type           Power      Damage    Failure   Level
a - Summon Small Mammal   Summ           8%         N/A       21%         1

Your spell library contained the following spells:

 Spells                   Type           Power      Damage    Failure   Level
 Summon Guardian Golem    Hex/Summ       2%         N/A       52%         3


Dungeon Overview and Level Annotations

Branches:
Dungeon (1/15)

Altars:


Innate Abilities, Weirdness & Mutations

You have large cloven feet.


Message History

The dart slug barely misses you.
You hit the dart slug.
The dart slug is moderately wounded.
The dart slug misses you.
You hit the dart slug.
The dart slug is heavily wounded.
You hit the dart slug.
You kill the dart slug!
No target in view!
No target in view!
No target in view!
No target in view!
No target in view!
No target in view!
No target in view!
No target in view!
No target in view!
No target in view!
No target in view!
No target in view!
No target in view!
No target in view!
No target in view!
h - 3 scrolls labelled LUODGH DYAQEEFOAMA (gained 1)
Found a plate armour.
You now have 32 gold pieces (gained 17).
You see here a +0 plate armour.
You now have 40 gold pieces (gained 8).
Found a dagger.
You open the door.
There is an open door here.
A ball python comes into view.
The helpless ball python fails to defend itself.
You puncture the ball python!
You kill the ball python!
You have reached level 2!
Your demonic ancestry asserts itself...
Your feet thicken and deform.
A frilled lizard comes into view.
Are you sure you want to abandon this character and quit the game? (Confirm with "yes".)

# #.####.#####......... #
#....# #......... #.##.##
#..†...... #. #..# #.........
#. ##.# ##..###### # #. #.##
##..## ...###.####.###.#..##
#.....# ##.#.###..# . #.@##
##.## ##.# ..
.......#.###.#.###.## ..
....l..##.#.#.#.#.##
#.####..##... ##.#.<.#.##
...#. .....##.#.#.#.#.##
#.####.#########.###.#.###.##
#.............#.## ##.## ##.#
#.###............###.#.####.##
#.######......#.###.#....#


You could see a frilled lizard (asleep).

Vanquished Creatures
  A dart slug (D:1)
  2 ball pythons (D:1)
  A quokka (D:1)
  3 rats (D:1)
7 creatures vanquished.

Notes
Turn   | Place    | Note
-------+----------+-------------------------------------------
     0 | D:1      | Chiseanne the Demonspawn Wanderer began the quest for the
                  | Orb.
     0 | D:1      | Chiseanne set off with the following items: a +2 dagger, a
                  | scroll of blinking, 13 poisoned darts, a +0 dagger, a
                  | potion of berserk rage, a +0 robe; and the following spell
                  | memorised: Summon Small Mammal; and the following spells
                  | available to memorise: Summon Guardian Golem.
     0 | D:1      | Reached XP level 1. HP: 15/15 MP: 4/4
   246 | D:1      | Gained mutation: You have large cloven feet. [demonic
                  | ancestry]
   246 | D:1      | Reached XP level 2. HP: 21/21 MP: 6/6
   281 | D:1      | Quit the game

Illustrated notes

Levels and vault maps discovered:
D:1:      minmay_arrival_diagonal_passages, layout_basic

Action                     || total
---------------------------++-------
  Melee: Dagger            ||    14
   Stab: Sleeping          ||     3
  Dodge: Dodged            ||     8
